 Dungeon Crawl Stone Soup version 0.24.1-8-ga250c9d538 (webtiles) character file.

Game seed: 7369246034379093469, levelgen mode: deterministic

21 lepoulpe303 the Firebug (level 2, 0/15 HPs)
             Began as a Deep Elf Fire Elementalist on Apr 29, 2020.
             Engulfed by a cloud of steam (15 damage)
             ... on level 1 of the Dungeon.
             The game lasted 00:02:37 (518 turns).

lepoulpe303 the Firebug (Deep Elf Fire Elementalist) Turns: 518, Time: 00:02:38

Health: 0/15       AC:  2    Str:  5    XL:     2   Next: 65%
Magic:  6/8        EV: 13    Int: 19    God:
Gold:   21         SH:  0    Dex: 15    Spells: 4/7 levels left

rFire    . . .     SeeInvis .   f - +0 dagger
rCold    . . .     Gourm    .   (no shield)
rNeg     . . .     Faith    .   a - +0 robe
rPois    .         Spirit   .   (no helmet)
rElec    .         Reflect  .   (no cloak)
rCorr    .         Harm     .   (no gloves)
MR       .....                  (no boots)
Stlth    +.........             (no amulet)
HPRegen  0.05/turn              (no ring)
MPRegen  0.11/turn              (no ring)

@: very slightly contaminated, very slow
A: no striking features
a: no special abilities


You were on level 1 of the Dungeon.
You were not hungry.

You visited 1 branch of the dungeon, and saw 1 of its levels.

You collected 21 gold pieces.

Inventory:

Hand Weapons
 f - a +0 dagger (weapon)
Armour
 a - a +0 robe (worn)
Scrolls
 b - a scroll of immolation {unknown}
Potions
 c - a potion of magic {unknown}
Comestibles
 d - a chunk of flesh
 e - a ration


   Skills:
 + Level 0.1 Short Blades
 + Level 2.6 Dodging
 + Level 2.6 Stealth
 * Level 3.4 Spellcasting
 * Level 1.7 Conjurations
 * Level 3.6 Fire Magic


You had 4 spell levels left.
You knew the following spells:

 Your Spells              Type           Power        Failure   Level  Hunger
a - Flame Tongue          Conj/Fire      ##...        4%          1    None
x - Throw Flame           Conj/Fire      ##....       8%          2    ##.....

Your spell library contained the following spells:

 Spells                   Type           Power        Failure   Level  Hunger
 Conjure Flame            Conj/Fire      ##......     14%         3    ###....
 Inner Flame              Hex/Fire       ##......     21%         3    ###....
 Sticky Flame             Conj/Fire      ##......     43%         4    ####...
 Fireball                 Conj/Fire      ##........   80%         5    ######.


Dungeon Overview and Level Annotations

Branches:
Dungeon (1/15)

Altars:


Message History

You kill the bat!
You see here a club.
You see here a goblin corpse.
Unknown command.
You butcher the goblin corpse.
Things that are here:
a chunk of flesh; a goblin skeleton
Aim: a kobold, wielding a +0 whip The flame tongue hits the kobold.
The kobold is engulfed in a cloud of scalding steam.
You kill the kobold!
You hear a splash. x2
You now have 6/8 mp.
You enter the shallow water.
Moving in this stuff is going to be slow.
The plant is engulfed in a cloud of scalding steam.
Health restored: 15 You are engulfed in a cloud of scalding steam.
Ouch! That really hurt!
You die...

#........≈P♣≈.≈P#≈≈≈PP#.....
#.........P≈♣PP.PP≈♣≈P#...#.
........#PP≈≈≈PPPP♣P.##.#.#
.....(....P≈≈≈♣P♣♣≈P.# ..#
#######...P≈≈≈♣♣≈≈≈P## ..
#....#....PP♣♣♣≈≈.≈###
#.##.#....PP≈≈≈♣≈P....
#.##.#...#PPP≈≈≈PP#
#.##.#...#.PPP@P.P#
#.##.#...#.#≈P§≈≈##
#.##.#..##.#.###%###
#.##.#.....#..)....#
#.##.##.####.#######
#†##.##.#....(....#
#.##.##.#.#########
#.#.....#.# #.#######.#


There were no monsters in sight!

Levels and vault maps discovered:
D:1:      tarquinn_simple_flora_water_e, layout_basic,
          chequers_serial_rivers_small_3, amethyst_killhole,
          serial_bayou_lagoon_a, st_stairs_9, minmay_misc_feat_square

Notes
Turn   | Place    | Note
-------+----------+-------------------------------------------
     0 | D:1      | lepoulpe303 the Deep Elf Fire Elementalist began the quest
                  | for the Orb.
     0 | D:1      | Reached XP level 1. HP: 10/10 MP: 6/6
   104 | D:1      | HP: 2/10 [bat (1)]
   107 | D:1      | Reached XP level 2. HP: 3/15 MP: 0/8
   183 | D:1      | Learned a level 2 spell: Throw Flame
   426 | D:1      | Identified a +0 dagger
   500 | D:1      | Identified a +0 whip
   518 | D:1      | Engulfed by a cloud of steam

Table legend:
 A = Turns spent in this place as a percentage of turns spent in the entire game.
 B = Non-inter-level travel turns spent in this place as a percentage of non-inter-level travel turns spent in the entire game.
 C = Inter-level travel turns spent in this place as a percentage of turns spent in this place.
 D = Turns resting spent in this place as a percentage of non-inter-level travel turns spent in this place.
 E = Turns spent auto-exploring this place as a percentage of non-inter-level travel turns spent in this place.
 F = Non-inter-level travel turns spent in this place divided by the number of levels of this place that you've seen.
                   A       B       C       D       E      F
               +-------+-------+-------+-------+-------+----------------------
         Total | 100.0 | 100.0 |   0.0 |  57.9 |  21.0 | 518.0
       Dungeon | 100.0 | 100.0 |   0.0 |  57.9 |  21.0 | 518.0
               +-------+-------+-------+-------+-------+----------------------

Table legend:
 A = Kills in this place as a percentage of kills in entire the game.
 B = Kills by you in this place as a percentage of kills by you in the entire game.
 C = Kills by friends in this place as a percentage of kills by friends in the entire game.
 D = Other kills in this place as a percentage of other kills in the entire game.
 E = Experience gained in this place as a percentage of experience gained in the entire game.
 F = Experience gained in this place divided by the number of levels of this place that you have seen.
                   A       B       C       D       E      F
               +-------+-------+-------+-------+-------+----------------------
         Total | 100.0 | 100.0 |   N/A |   N/A | 100.0 |  31.0
       Dungeon | 100.0 | 100.0 |   N/A |   N/A | 100.0 |  31.0
               +-------+-------+-------+-------+-------+----------------------

Action                   || total
-------------------------++-------
Melee: Dagger            ||     7
 Cast: Flame Tongue      ||    23
 Stab: Sleeping          ||     1
Armor: Robe              ||    13
Dodge: Dodged            ||    37

Vanquished Creatures
  An ooze (D:1)
  A dart slug (D:1)
  2 goblins (D:1)
  3 kobolds (D:1)
  7 bats (D:1)
  A frilled lizard (D:1)
15 creatures vanquished.
